 Dungeon Crawl Stone Soup version 0.29.1-2-gbd0b4ee654 (webtiles) character file.

Game seed: 11152621179476752560

755 LustLizard the Shooter (level 7, -1/35 HPs)
             Began as a Spriggan Arcane Marksman on Oct 29, 2022.
             Killed from afar by Dowan (23 damage)
             ... with a shard of ice
             ... on level 5 of the Dungeon.
             The game lasted 00:15:25 (7591 turns).

LustLizard the Shooter (Spriggan Arcane Marksman)   Turns: 7591, Time: 00:15:26

Health: -1/35      AC:  3    Str:  6    XL:     7   Next: 49%
Magic:  10/10      EV: 17    Int: 14    God:
Gold:   17         SH:  0    Dex: 18    Spells: 1/8 levels left

rFire   . . .      SeeInvis +   a - +1 sling
rCold   . . .      Faith    .   (no shield)
rNeg    . . .      Spirit   .   c - +0 robe
rPois   +          Reflect  .   (helmet restricted)
rElec   .          Harm     .   t - +0 cloak
rCorr   .          Rampage  .   (gloves unavailable)
Will    +....                   (boots unavailable)
Stlth   +++.......              (no amulet)
HPRegen 0.11/turn               q - ring of poison resistance
MPRegen 0.12/turn               (no ring)

@: very quick
A: very small, no large weapons, unfitting armour, see invisible, speed 3
a: no special abilities


You were on level 5 of the Dungeon.
You visited 1 branch of the dungeon, and saw 5 of its levels.

You collected 234 gold pieces.
You spent 217 gold pieces at shops.

Inventory:

Hand Weapons
 a - a +1 sling (weapon)
Missiles
 n - 14 poisoned darts
Armour
 c - a +0 robe (worn)
 t - a +0 cloak (worn)
Jewellery
 q - a ring of poison resistance (left hand)
 w - a ring of ice
Wands
 s - a wand of flame (20)
Scrolls
 b - a scroll of poison
 d - a scroll of acquirement {unknown}
 g - 7 scrolls of identify
 h - 3 scrolls of magic mapping
 j - a scroll of enchant weapon {unknown}
 k - 2 scrolls of brand weapon {unknown}
 m - a scroll of fog {unknown}
 o - 2 scrolls of blinking {unknown}
 x - a scroll of teleportation {unknown}
 y - a scroll of enchant armour {unknown}
 z - a scroll of fear {unknown}
 A - a scroll of noise {unknown}
Potions
 e - 3 potions of might
 f - 3 potions of mutation
 i - a potion of flight
 l - 2 potions of curing
 p - a potion of magic
 r - a potion of berserk rage
 u - 3 potions of degeneration
 v - 2 potions of brilliance


   Skills:
 + Level 2.9 Fighting
 * Level 5.6 Ranged Weapons
 - Level 2.6 Dodging
 + Level 5.5 Stealth
 - Level 1.3 Spellcasting
 + Level 0.4 Conjurations
 - Level 4.0 Hexes
 + Level 2.1 Fire Magic
 + Level 0.6 Air Magic
 + Level 0.6 Poison Magic


You had one spell level left.
You knew the following spells:

 Your Spells              Type           Power      Damage    Failure   Level
a - Slow                  Hex            48%        N/A       4%          1
b - Inner Flame           Hex/Fire       9%         N/A       22%         3
c - Mephitic Cloud        Conj/Pois/Air  2%         N/A       52%         3

Your spell library contained the following spells:

 Spells                   Type           Power      Damage    Failure   Level
 Magic Dart               Conj           8%         1d3       22%         1
 Static Discharge         Conj/Air       2%         3-4/arc   30%         2
 Portal Projectile        Hex/Tloc       12%        N/A       32%         3
 Call Imp                 Summ           0%         N/A       36%         2
 Cause Fear               Hex            6%         N/A       43%         4
 Call Canine Familiar     Summ           0%         N/A       58%         3
 Leda's Liquefaction      Hex/Erth       3%         N/A       73%         4
 Lightning Bolt           Conj/Air       1%         1d12      99%         5
 Maxwell's Capacitive Co  Air            1%         ∞         100%        8


Dungeon Overview and Level Annotations

Branches:
Dungeon (5/15)
 Temple: D:4-7

Altars:

Shops:
D:1 ?

Annotations:
D:5 Dowan


Innate Abilities, Weirdness & Mutations

You are very small and have problems with some larger weapons.
You are too small for most types of armour.
You have supernaturally acute eyesight. (SInv)
You cover ground extremely quickly. (Speed+++)


Message History

Duvessa seems to slow down.
No target in view!
You shoot a sling bullet.
The sling bullet hits Duvessa but does no damage.
Duvessa is almost dead.
You shoot a sling bullet.
The sling bullet closely misses Duvessa.
There is a stone staircase leading up here.
You shoot a sling bullet. The sling bullet barely misses Duvessa.
You shoot a sling bullet. The sling bullet hits Duvessa.
Duvessa is almost dead.
You shoot a sling bullet. The sling bullet barely misses Duvessa.
The sling bullet closely misses Dowan.
Dowan gestures wildly while chanting.
Dowan blinks!
You shoot a sling bullet. The sling bullet barely misses Duvessa.
Duvessa closely misses you.
You shoot a sling bullet. The sling bullet hits Duvessa.
Duvessa is almost dead.
You shoot a sling bullet. The sling bullet hits Duvessa.
You kill Duvessa!
You hear a distant wail of despair.
You shoot a sling bullet. The sling bullet hits Dowan.
Dowan is heavily wounded.
Dowan seems to find hidden reserves of power!
You shoot a sling bullet. The sling bullet hits Dowan.
Dowan is severely wounded.
You shoot a sling bullet. The sling bullet misses Dowan.
Dowan hits you with a +0 dagger. x2
You shoot a sling bullet. The sling bullet barely misses Dowan.
Dowan says, "Magic will overcome all!"
Dowan hits you with a +0 dagger.
You shoot a sling bullet.
The sling bullet hits Dowan but does no damage.
Dowan is severely wounded.
Dowan hits you with a +0 dagger. Dowan casts a spell at you.
The shard of ice hits you!!
Ouch! That really hurt!
You die...

...................#.##......
...................#.........
..............#.............
..........#+#.#...........#
########### #......>##....#
#.###...####..#
#.......e.....#
###########...# #@# #e..# #e#
#...# #.# #...#
#.####...#########
#...e.............
######.##########. #.# #. #.#
#. #.##########.


You could see Dowan (fast).

Vanquished Creatures
  The ghost of Arctor the Cutter, an amateur DsGl (D:3)
  Duvessa (D:5)
  2 hounds (D:4)
  2 jellies (D:4)
  Crazy Yiuf (D:2)
  Natasha (thrice) (D:3)
  An iguana (D:4)
  An orc wizard (D:4)
  7 gnolls (D:2)
  7 adders
  A worm (D:3)
  4 dart slugs
  8 orcs
  13 endoplasms
  5 giant cockroaches
  4 goblins
  15 hobgoblins
  2 jackals (D:1)
  15 kobolds
  3 quokkas
  7 ball pythons
  5 bats
  7 frilled lizards
  3 rats
118 creatures vanquished.

Vanquished Creatures (others)
  3 fungi (D:4)
  11 toadstools (D:4)
14 creatures vanquished.

Grand Total: 132 creatures vanquished

Notes
Turn   | Place    | Note
-------+----------+-------------------------------------------
     0 | D:1      | LustLizard the Spriggan Arcane Marksman began the quest for
                  | the Orb.
     0 | D:1      | Reached XP level 1. HP: 9/9 MP: 3/3
   228 | D:1      | Reached skill level 1 in Fighting
   228 | D:1      | Reached skill level 1 in Stealth
   234 | D:1      | Reached XP level 2. HP: 8/14 MP: 3/5
   474 | D:1      | Found Ridwoxio's Magic Scroll Emporium.
   804 | D:1      | Reached XP level 3. HP: 18/18 MP: 6/6
  1529 | D:1      | Bought a scroll of identify for 28 gold pieces
  1529 | D:1      | Bought a scroll of identify for 28 gold pieces
  1529 | D:1      | Bought a scroll of identify for 28 gold pieces
  1830 | D:2      | Reached XP level 4. HP: 10/22 MP: 0/7
  2377 | D:2      | Learned a level 3 spell: Inner Flame
  2391 | D:2      | Found a runed translucent door.
  2877 | D:2      | Noticed Crazy Yiuf
  3140 | D:2      | Killed Crazy Yiuf
  3141 | D:2      | Reached XP level 5. HP: 26/26 MP: 8/8
  3630 | D:3      | Found a runed translucent gate.
  3631 | D:3      | Found a runed translucent gate.
  3632 | D:3      | Found a runed translucent gate.
  3635 | D:3      | Noticed Arctor's ghost (amateur DsGl)
  3818 | D:3      | Noticed Natasha
  4657 | D:3      | Killed Arctor's ghost
  4658 | D:3      | Reached skill level 1 in Fire Magic
  4658 | D:3      | Reached XP level 6. HP: 24/32 MP: 9/9
  4800 | D:3      | Killed Natasha
  5266 | D:3      | Noticed Natasha
  5332 | D:3      | Killed Natasha
  5818 | D:3      | Noticed Natasha
  5853 | D:3      | Killed Natasha
  5990 | D:4      | Reached skill level 5 in Ranged Weapons
  6222 | D:4      | Reached skill level 5 in Stealth
  6222 | D:4      | Reached XP level 7. HP: 11/35 MP: 10/10
  6774 | D:4      | Learned a level 3 spell: Mephitic Cloud
  7300 | D:1      | Bought a scroll of magic mapping for 105 gold pieces
  7300 | D:1      | Bought a scroll of identify for 28 gold pieces
  7375 | D:5      | Entered Level 5 of the Dungeon
  7508 | D:5      | Noticed Duvessa
  7516 | D:5      | Noticed Dowan
  7586 | D:5      | Killed Duvessa
  7591 | D:5      | Killed from afar by Dowan

Illustrated notes

Levels and vault maps discovered:
D:1:      dpeg_arrival_pits, layout_loops_ring, serial_shops,
          nicolae_square_shop, minmay_heptomino_o4
D:2:      layout_basic, uniq_crazy_yiuf_cottage
D:3:      kennysheep_six_static_rooms, layout_basic, gammafunk_ghost_split,
          glass_columns_a, grunt_decor_mini_mirrors, uniq_natasha
D:4:      cheibrodos_fertilizer, layout_cave_pods, small_statue_intersection
D:5:      layout_basic, minmay_hedge_maze, minmay_manual_mess, uniq_duvessa

Skill      XL: |  1  2  3  4  5  6  7 |
---------------+----------------------+-----
Fighting       | 1 2 |  2.9
Stealth        | 1 2 3 4 5 |  5.5
Hexes          | 4 |  4.0
Ranged Weapons | 3 4 5 |  5.6
Fire Magic     | 1 2 |  2.1
Dodging        | |  2.6
Spellcasting   | |  1.3
Conjurations   | |  0.4
Air Magic      | |  0.6
Poison Magic   | |  0.6

Action                   |  1- 3 |  4- 6 |  7- 9 || total
-------------------------+-------+-------+-------++-------
Melee: Unarmed           |       |     4 |       ||     4
 Fire: Sling             |   160 |   249 |   130 ||   539
 Cast: Slow              |     4 |     6 |     5 ||    15
       Inner Flame       |       |       |     1 ||     1
  Use: Scroll            |     4 |     5 |       ||     9
Armor: Robe              |    11 |     7 |     2 ||    20
Dodge: Dodged            |    83 |    64 |    16 ||   163
